Map: Dusty Gorge

Players

LightCartman

  • Race: Protoss Protoss
  • League: Diamond
  • Spawn Location: 9:00

Octopus

  • Race: Zerg Zerg
  • Spawn Location: 11:00

Canips - Winner!

  • Race: Terran Terran
  • Spawn Location: 3:00

Adversity - Winner!

  • Race: Terran Terran
  • Spawn Location: 5:00

VOD

Have the link to the VOD?

Description

Time

  • Played on: July 18, 2018, 2:50 p.m.
  • Length: 8:06
Show
View Real Time Build Order
Export as new Build Order

LightCartman Protoss 

Build Orders: Blink Stalkers 

Get SALT Encoding   

  12  0:01  Probe  
  13  0:15  Probe  
  13  0:21  Pylon  
  14  0:27  Probe  
  15  0:29  Assimilator  
  15  0:35  Probe  
  16  0:44  Probe  
  16  0:45  Gateway  
  17  0:54  Probe  
  17  0:55  Assimilator  
  18  1:02  Probe  
  19  1:11  Probe  
  19  1:15  Forge  
  20  1:23  Probe  
  21  1:33  Cybernetics Core  
  21  1:35  Probe  
  22  1:45  Pylon  
  22  1:50  Protoss Ground Weapons Level 1  
  22  1:54  Probe  
  23  2:09  Twilight Council  
  23  2:10  Warp Gate  
  23  2:15  Stalker  
  25  2:28  Gateway  
  23  2:48  Stalker  
  23  2:53  Probe  
  23  3:02  Probe  
  24  3:13  Probe  
  24  3:14  Blink  
  25  3:27  Stalker  
  25  3:32  Probe  
  28  3:51  Stalker  
  28  3:54  Probe  
  31  4:02  Pylon  
  31  4:10  Gateway  
  31  4:23  Gateway  
  31  4:36  Stalker  
  31  4:37  Stalker  
  35  5:20  Probe  
  36  5:26  Nexus  
  36  5:30  Assimilator  
  36  5:31  Pylon  
  36  5:32  Probe  
  36  5:34  Assimilator  
  37  5:36  Pylon  
  37  5:44  Probe  
  38  5:56  Probe  
  39  6:08  Probe  
  17  6:46  Stalker  
  10  6:56  Probe  
  10  6:58  Stalker x3, Probe  
  17  7:04  Probe  
  17  7:06  Probe  
  19  7:14  Probe  
  20  7:16  Probe  
  22  7:26  Probe  
  22  7:28  Probe  
  24  7:36  Stalker  
  24  7:37  Stalker x3  
  28  7:38  Probe  
  28  7:40  Probe  
Show
View Real Time Build Order
Export as new Build Order

Octopus Zerg 

Build Orders: Hatch First 

Get SALT Encoding   

  12  0:02  Drone  
  13  0:12  Overlord  
  13  0:21  Drone  
  14  0:31  Drone x2  
  16  0:35  Drone  
  17  0:55  Hatchery  
  16  1:00  Extractor  
  15  1:12  Spawning Pool  
  15  1:14  Drone  
  15  1:19  Drone  
  17  1:25  Drone  
  17  1:29  Drone  
  18  1:38  Drone  
  19  1:47  Overlord  
  19  2:00  Queen  
  21  2:01  Metabolic Boost  
  21  2:09  Queen  
  21  2:13  Drone  
  24  2:19  Drone x2  
  26  2:24  Drone  
  26  2:26  Drone  
  28  2:30  Drone  
  28  2:33  Drone  
  30  2:40  Drone  
  30  2:42  Overlord  
  31  2:50  Drone  
  32  2:58  Drone  
  33  3:02  Overlord  
  33  3:06  Overlord  
  33  3:13  Zergling x8  
  37  3:20  Zergling x2  
  37  3:21  Zergling x6  
  41  3:29  Zergling x2  
  42  3:48  Zergling x6, Hatchery  
  42  3:49  Zergling x8  
  48  3:56  Baneling Nest  
  48  4:02  Overlord  
  47  4:04  Drone  
  48  4:10  Drone x2  
  48  4:14  Lair  
  50  4:27  Spore Crawler  
  50  4:29  Drone x2  
  50  4:30  Drone  
  52  4:33  Extractor  
  52  4:34  Drone x4, Evolution Chamber  
  53  4:58  Drone x3  
  53  4:59  Drone, Zerg Melee Weapons Level 1  
  57  5:00  Extractor  
  57  5:05  Extractor  
  55  5:08  Hatchery  
  54  5:32  Drone x3  
  54  5:33  Drone  
  54  5:34  Drone x2  
  60  5:38  Hydralisk Den  
  60  5:39  Drone x2  
  60  5:40  Drone  
  60  5:41  Evolution Chamber  
  60  5:42  Queen  
  63  5:43  Drone x5  
  63  5:44  Drone  
  69  5:51  Overseer  
  69  6:00  Queen  
  71  6:05  Drone  
  71  6:06  Drone  
  71  6:08  Overlord x5  
  71  6:10  Extractor  
  72  6:11  Extractor  
  72  6:25  Drone x2  
  72  6:26  Drone  
  72  6:27  Drone x3  
  72  6:28  Drone x2  
  72  6:29  Drone x3  
  67  6:51  Zergling x20  
  77  7:15  Drone  
  77  7:16  Drone x4  
  82  7:26  Hydralisk, Zergling x2  
  82  7:27  Hydralisk x7  
  99  7:42  Baneling x6  
  99  7:43  Baneling x11  
Show
View Real Time Build Order
Export as new Build Order

Canips Terran - Winner!

Build Orders: Reaper Expand 

Get SALT Encoding   

  12  0:01  SCV  
  13  0:13  SCV  
  14  0:25  SCV  
  14  0:27  Supply Depot  
  15  0:42  Refinery  
  15  0:49  SCV  
  16  0:52  Barracks  
  16  1:01  SCV  
  17  1:13  SCV  
  18  1:31  Command Center  
  18  1:37  SCV  
  19  1:44  Supply Depot  
  19  1:46  Reaper  
  20  1:50  SCV  
  21  2:05  Orbital Command  
  21  2:15  Factory  
  21  2:18  Barracks Tech Lab  
  21  3:03  Factory Tech Lab, Marauder  
  23  3:09  Barracks, SCV x2  
  25  3:13  Refinery  
  25  3:16  Stimpack  
  25  3:21  SCV x2  
  27  3:27  Bunker  
  27  3:33  SCV  
  28  3:45  SCV  
  28  3:46  Siege Tank  
  28  3:47  Marine  
  33  3:58  Barracks Reactor  
  33  4:02  Barracks  
  33  4:04  SCV x2  
  35  4:12  Marauder  
  35  4:15  Bunker  
  35  4:16  SCV x2  
  39  4:22  Siege Tank  
  42  4:27  Supply Depot  
  42  4:28  SCV x2  
  44  4:33  Marauder  
  46  4:39  Supply Depot  
  46  4:48  Marine x2  
  46  4:49  SCV  
  46  4:52  Barracks Reactor  
  49  4:59  Supply Depot, Siege Tank  
  52  5:04  SCV x2  
  54  5:07  Refinery  
  54  5:09  Refinery  
  54  5:15  Supply Depot  
  54  5:16  SCV  
  54  5:20  Orbital Command  
  55  5:24  Marine x2  
  55  5:28  SCV, Combat Shield  
  57  5:30  Supply Depot  
  57  5:31  Marine  
  59  5:41  SCV  
  60  5:46  SCV  
  61  5:53  SCV, Starport  
  62  5:58  SCV  
  62  6:00  Supply Depot  
  63  6:05  Supply Depot, SCV  
  63  6:09  Marine x3  
  63  6:10  Marine x2, SCV  
  70  6:17  SCV  
  71  6:27  Marine x4  
  71  6:29  SCV  
  76  6:32  Starport Reactor  
  76  6:33  Siege Tank  
  79  6:45  Command Center  
  79  6:57  Marine x4  
  79  6:58  Marine  
  84  7:10  Medivac x2  
  84  7:15  Marine x5  
  93  7:26  Siege Tank  
  96  7:32  Marine  
  96  7:33  Marine x3, Engineering Bay  
  96  7:34  Marauder  
Show
View Real Time Build Order
Export as new Build Order

Adversity Terran - Winner!

Build Orders: Reaper Expand 

Get SALT Encoding   

  12  0:02  SCV  
  14  0:14  SCV  
  14  0:19  Supply Depot  
  14  0:26  SCV  
  15  0:41  SCV  
  16  0:42  Barracks  
  16  0:47  Refinery  
  16  0:53  SCV  
  17  1:05  SCV  
  18  1:19  SCV  
  19  1:32  Reaper  
  20  1:33  Orbital Command  
  20  1:44  Command Center  
  20  1:54  Supply Depot  
  20  1:59  SCV  
  21  2:04  Barracks Reactor  
  21  2:10  Barracks  
  21  2:11  SCV  
  22  2:17  Barracks  
  22  2:23  SCV  
  22  2:27  Supply Depot  
  23  2:35  SCV  
  24  2:47  SCV  
  24  2:48  Marine x2  
  27  2:57  Orbital Command  
  27  2:58  Refinery  
  27  2:59  Barracks Tech Lab  
  27  3:00  SCV  
  27  3:04  Marine  
  29  3:06  Marine x2  
  31  3:16  SCV  
  31  3:18  Marine  
  31  3:19  Stimpack  
  33  3:25  SCV  
  33  3:26  Bunker  
  34  3:28  SCV  
  34  3:30  Marine  
  34  3:31  Marine  
  37  3:34  Marine  
  37  3:37  SCV  
  38  3:49  SCV x2  
  38  3:50  Marine x3  
  38  3:51  Factory  
  43  4:01  SCV  
  43  4:02  Bunker, SCV  
  45  4:07  Supply Depot  
  45  4:08  Barracks Tech Lab  
  45  4:13  SCV  
  45  4:14  SCV  
  47  4:19  Marine  
  47  4:20  Marine x2  
  50  4:27  SCV  
  50  4:28  SCV  
  52  4:36  Barracks Reactor  
  52  4:40  Starport  
  52  4:45  Siege Tank  
  55  4:46  Barracks  
  55  4:47  Barracks  
  55  4:49  Supply Depot  
  55  4:50  SCV x2  
  57  5:00  Engineering Bay  
  57  5:02  SCV x2  
  57  5:04  Refinery  
  57  5:05  Refinery, Marine x2  
  61  5:07  Marine  
  61  5:13  Engineering Bay  
  62  5:14  SCV x2  
  62  5:19  Supply Depot  
  64  5:23  Barracks Reactor  
  64  5:26  SCV  
  65  5:29  Medivac x2  
  65  5:31  SCV  
  70  5:36  Barracks Reactor x2  
  70  5:40  Supply Depot  
  70  5:41  Supply Depot, SCV  
  71  5:43  SCV  
  72  5:53  Terran Infantry Armor Level 1, Terran Infantry Weapons Level 1  
  72  6:00  Marine x4  
  76  6:04  Marine  
  76  6:09  Supply Depot  
  76  6:10  Supply Depot, Siege Tank  
  80  6:14  Marine x3  
  80  6:15  Marine  
  80  6:18  Marine x4  
  86  6:20  Medivac x2  
  92  6:26  Marine  
  92  6:32  Marine x3  
  96  6:43  Marine x2  
  95  6:48  Marine x2  
  91  6:56  Medivac x2, Marine x4  
  91  6:57  Marine  
  91  6:58  Siege Tank  
  102  7:04  Missile Turret  
  102  7:06  Armory  
  102  7:07  Missile Turret  
  102  7:08  Supply Depot  
  102  7:13  Marine x4  
  102  7:14  Marine  
  107  7:18  Marine  
  108  7:23  Marine  
  108  7:24  Marine  
  110  7:30  Marine x2  
  110  7:34  Marine x4  
  110  7:35  Marine  
  117  7:41  Marine  
  118  7:50  Supply Depot  
  118  7:51  Supply Depot  
  118  7:59  Factory Tech Lab  
Tags
 
Add a new tag
Caveats
  • Supply blocks, unpowered buildings, or Contaminate may cause inaccurate times.
  • Supply counts are checked every 10 seconds.